 Dungeon Crawl Stone Soup version 0.28-a0-925-gd5e1996cdb (webtiles) character file.

Game seed: 7829941423039739241

186 vincint2002 the Shield-Bearer (level 5, -2/33 HPs)
             Began as a Gargoyle Fighter on Nov 26, 2021.
             Was a Believer of Jiyva.
             Slain by horus123's ghost (8 damage)
             ... on level 3 of the Dungeon.
             The game lasted 00:17:34 (2823 turns).

vincint2002 the Shield-Bearer (Gargoyle Fighter)    Turns: 2823, Time: 00:17:35

Health: -2/33      AC:  9    Str: 20    XL:     5   Next: 65%
Magic:  5/5        EV: 11    Int:  9    God:    Jiyva [**....]
Gold:   116        SH:  4    Dex:  9    Spells: 4/4 levels left

rFire   . . .      SeeInvis .   a - +0 flail
rCold   . . .      Faith    .   c - +0 buckler
rNeg    + . .      Spirit   .   p - +0 troll leather armour {Pargi}
rPois   ∞          Reflect  .   (no helmet)
rElec   +          Harm     .   m - +0 cloak
rCorr   +          Rampage  .   (no gloves)
Will    .....                   (no boots)
Stlth   +.........              (no amulet)
HPRegen 1.87/turn               e - ring of resist corrosion
MPRegen 0.39/turn               (no ring)

@: no status effects
A: sickness immunity, AC +4, negative energy resistance 1, electricity
resistance, torment resistance 1, petrification resistance
a: Renounce Religion


You were on level 3 of the Dungeon.
You worshipped Jiyva.
Jiyva was pleased with you.
You visited 1 branch of the dungeon, and saw 3 of its levels.

You collected 116 gold pieces.

Inventory:

Hand Weapons
 a - a +0 flail (weapon)
Armour
 b - a +0 scale mail
 c - a +0 buckler (worn)
 m - a +0 cloak (worn)
 p - a +0 troll leather armour (worn) {Pargi}
Jewellery
 e - a ring of resist corrosion (left hand)
Scrolls
 i - a scroll of blinking {unknown}
 j - a scroll of magic mapping {unknown}
 k - a scroll of identify {unknown}
 l - a scroll of acquirement {unknown}
Potions
 d - a potion of might
 g - a potion of lignification {unknown}
 h - 2 potions of curing {unknown}
 n - a potion of haste {unknown}


   Skills:
 + Level 4.2 Fighting
 * Level 3.7 Maces & Flails
 + Level 4.2 Armour
 + Level 4.2 Shields


You had 4 spell levels left.
You didn't know any spells.
Your spell library was empty.

Dungeon Overview and Level Annotations

Branches:
Dungeon (3/15)

Altars:
Cheibriados
Sif Muna
The Shining One
Jiyva

Annotations:
D:3 horus123's ghost, amateur HOFi


Innate Abilities, Weirdness & Mutations

You are immune to sickness and miasma.
Your stone body is resilient. (AC +4)
You are immune to poison.
You resist negative energy. (rN+)
You are resistant to electric shocks. (rElec)
You are resistant to unholy torment.
You are immune to petrification.


Message History

You hit horus123's ghost but do no damage.
Horus123's ghost is lightly damaged.
Horus123's ghost barely misses you.
You hit horus123's ghost but do no damage.
Horus123's ghost is lightly damaged.
Horus123's ghost hits you!
You barely miss horus123's ghost.
Horus123's ghost is lightly damaged.
Horus123's ghost hits you!
* * * LOW HITPOINT WARNING * * *
You closely miss horus123's ghost.
Horus123's ghost is lightly damaged.
Horus123's ghost screams, "I'll kill anyone who wants the ORB!"
Horus123's ghost barely misses you.
You hit horus123's ghost.
Horus123's ghost is moderately damaged.
Horus123's ghost hits you.
* * * LOW HITPOINT WARNING * * *
You block horus123's ghost's attack.
You closely miss horus123's ghost.
Horus123's ghost is moderately damaged.
You block horus123's ghost's attack.
You closely miss horus123's ghost.
Horus123's ghost is moderately damaged.
Horus123's ghost hits you.
* * * LOW HITPOINT WARNING * * *
You hit horus123's ghost.
Horus123's ghost is moderately damaged.
Horus123's ghost misses you.
You barely miss horus123's ghost.
Horus123's ghost is moderately damaged.
Horus123's ghost closely misses you.
You thump horus123's ghost!
Horus123's ghost is heavily damaged.
You block horus123's ghost's attack. Horus123's ghost hits you!
* * * LOW HITPOINT WARNING * * *
You closely miss horus123's ghost.
Horus123's ghost is heavily damaged.
Horus123's ghost hits you!
You die...

###......##.......# # #
#......##.####### # #
#......##.## # # #......##..## #
##.#.#♣.....## ### # # #
####'≈≈#≈.≈..≈.# ####.#.#.# #
#.....≈.≈.≈.♣≈≈# #..#..)..# #
#..J.≈≈...≈≈.≈.####..'...$#######
#....≈≈≈≈#≈...≈.@WZZ.'...$.#.....
#....J...≈≈≈≈≈≈####..'....#######
#....≈.≈.≈≈≈..♣# #..#.....#
###..≈.♣≈.≈≈..≈# ####.#.#.#
#...≈≈.......# ### # #
#...≈.......## #........####
#.......## #....>..#


You could see horus123's ghost, a bullfrog zombie and a centaur skeleton.

Vanquished Creatures
  Pargi (D:3)
  4 adders
  A gnoll (D:3)
  A worm (D:2)
  3 dart slugs
  2 orcs (D:3)
  8 ball pythons
  3 bats
  3 endoplasms
  A giant cockroach (D:1)
  5 hobgoblins
  A quokka (D:2)
  2 frilled lizards
  6 goblins
  2 kobolds (D:2)
  3 rats
46 creatures vanquished.

Vanquished Creatures (others)
  2 dart slugs (D:3)
  An endoplasm (D:3)
  2 kobolds (D:3)
  3 rats (D:3)
8 creatures vanquished.

Grand Total: 54 creatures vanquished

Notes
Turn   | Place    | Note
-------+----------+-------------------------------------------
     0 | D:1      | vincint2002 the Gargoyle Fighter began the quest for the
                  | Orb.
     0 | D:1      | Reached XP level 1. HP: 14/14 MP: 1/1
     6 | D:1      | Noticed an electric eel
    87 | D:1      | Reached XP level 2. HP: 19/19 MP: 2/2
   805 | D:1      | Reached XP level 3. HP: 18/23 MP: 3/3
  1155 | D:2      | Found a shimmering blue altar of Sif Muna.
  1549 | D:2      | Reached XP level 4. HP: 29/29 MP: 4/4
  2000 | D:3      | Found a glowing golden altar of the Shining One.
  2002 | D:3      | Found a snail-covered altar of Cheibriados.
  2160 | D:3      | Found a faded altar of an unknown god.
  2180 | D:3      | Prayed at the altar of an unknown god.
  2180 | D:3      | Became a worshipper of Jiyva Jelagh the Shapeless
  2180 | D:3      | Reached * piety under Jiyva
  2309 | D:3      | Noticed Pargi
  2334 | D:3      | Killed Pargi
  2335 | D:3      | Reached XP level 5. HP: 22/33 MP: 5/5
  2591 | D:3      | Reached ** piety under Jiyva
  2788 | D:3      | Found a runed translucent gate.
  2788 | D:3      | Found a runed translucent gate.
  2789 | D:3      | Found a runed translucent gate.
  2793 | D:3      | Noticed horus123's ghost (amateur HOFi)
  2823 | D:3      | Slain by horus123's ghost

Illustrated notes

Levels and vault maps discovered:
D:1:      arrival_aquarium_a, layout_loops_ring, kennysheep_doodads,
          minmay_tiny_reverse_x
D:2:      layout_basic, basic_altar
D:3:      layout_basic, jmf_multi_god_temple, gammafunk_ghost_necromancy,
          hellmonk_ecumenical_altar_pennies_from_heaven,
          chequers_serial_rivers_marsh, minmay_fractal_squares_5, uniq_pargi

Skill      XL: |  1  2  3  4 |
---------------+-------------+-----
Maces & Flails | 3 |  3.7
Fighting       | 4 |  4.2
Armour         | 4 |  4.2
Shields        | 4 |  4.2

Action                   |  1- 3 |  4- 6 || total
-------------------------+-------+-------++-------
Melee: Flail             |    84 |    73 ||   157
Armor: Scale mail        |    53 |    24 ||    77
       Troll leather arm |       |     9 ||     9
Dodge: Dodged            |    40 |    44 ||    84
Block: Buckler           |    24 |    26 ||    50

Table legend: (Time is in decaauts)
 A = Elapsed time spent in this place.
 B = Non-inter-level travel time spent in this place.
 C = Inter-level travel time spent in this place.
 D = Time resting spent in this place.
 E = Time spent auto-exploring this place.
 F = Levels seen in this place.
 G = Mean time per level.
                   A        B        C        D        E       F      G
               +--------+--------+--------+--------+--------+-----+--------+
         Total |   2871 |   2868 |      3 |    233 |   1224 |   3 |  957.0 |
       Dungeon |   2871 |   2868 |      3 |    233 |   1224 |   3 |  957.0 |
               +--------+--------+--------+--------+--------+-----+--------+

Top non-repeatable levels by time:
     D:1: 1035 daAuts
     D:2: 948 daAuts
     D:3: 886 daAuts
